 Dungeon Crawl Stone Soup version 0.21-a0-504-g2eda330 (webtiles) character file.

101 Gwenloh the Poker (level 4, 0/35 HPs)
             Began as a Merfolk Skald on Nov 25, 2017.
             Slain by Crazy Yiuf
             ... wielding a +3 quarterstaff of chaos
              (7 damage)
             ... on level 2 of the Dungeon.
             The game lasted 00:14:11 (2651 turns).

Gwenloh the Poker (Merfolk Skald)                   Turns: 2651, Time: 00:14:11

Health: 0/35       AC:  3    Str: 12    XL:     4   Next: 75%
Magic:  8/8        EV: 12    Int: 12    God:
Gold:   55         SH:  0    Dex: 13    Spells: 5/8 levels left

rFire    . . .     SeeInvis .   a - +0 spear
rCold    . . .     Gourm    .   (no shield)
rNeg     . . .     Faith    .   b - +0 leather armour
rPois    .         Spirit   .   (no helmet)
rElec    .         Reflect  .   (no cloak)
rCorr    .         Harm     .   (no gloves)
MR       .....                  (no boots)
Stlth    +.........             (no amulet)
HPRegen  0.11/turn              (no ring)
MPRegen  0.11/turn              (no ring)

@: no status effects
A: change form in water, swift swim, stealthy swim
a: no special abilities


You were on level 2 of the Dungeon.
You were not hungry.

You visited 1 branch of the dungeon, and saw 2 of its levels.

You collected 55 gold pieces.

Inventory:

Hand Weapons
 a - a +0 spear (weapon)
Missiles
 f - 15 arrows
 l - 57 stones (quivered)
 q - 16 sling bullets
Armour
 b - a +0 leather armour (worn)
Scrolls
 h - a scroll of immolation {unknown}
 j - 4 scrolls of identify {unknown}
 p - a scroll of remove curse {unknown}
 r - a scroll of fog {unknown}
Potions
 e - 3 potions of might {unknown}
 g - 2 potions of haste {unknown}
 i - 2 potions of heal wounds {unknown}
 k - a potion of degeneration {unknown}
 o - 4 potions of curing {unknown}
 s - 2 potions of agility {unknown}
Books
 c - a book of Battle

   Spells                             Type                      Level
   a - Infusion                       Charms                       1
   b - Shroud of Golubria             Charms/Translocation         2
   c - Song of Slaying                Charms                       2
   d - Spectral Weapon                Hexes/Charms                 3
   e - Regeneration                   Charms/Necromancy            3
Comestibles
 d - 4 bread rations
 m - a royal jelly
 n - a fruit


   Skills:
 + Level 3.1 Fighting
 + Level 4.3 Polearms
 - Level 0.6 Armour
 - Level 2.6 Dodging
 + Level 2.7 Spellcasting
 + Level 4.1 Charms


You had 5 spell levels left.
You knew the following spells:

 Your Spells              Type           Power        Failure   Level  Hunger
a - Infusion              Chrm           ##..         6%          1    #......
b - Song of Slaying       Chrm           ##......     9%          2    ###....


Dungeon Overview and Level Annotations

Branches:
Dungeon (2/15)

Altars:
Trog
Xom

Annotations:
D:2 Crazy Yiuf, Sigmund


Message History

Crazy Yiuf is severely wounded.
Crazy Yiuf says, "Shower!"
Crazy Yiuf hits you with a quarterstaff of chaos.
Crazy Yiuf burns you.
You are too injured to fight recklessly!
You are too injured to fight recklessly!
You are too injured to fight recklessly!
You are too injured to fight recklessly!
You closely miss Crazy Yiuf.
Crazy Yiuf is severely wounded.
Crazy Yiuf hits you with a quarterstaff of chaos.
* * * LOW HITPOINT WARNING * * *
Crazy Yiuf freezes you.
* * * LOW HITPOINT WARNING * * *
You hit Crazy Yiuf.
Crazy Yiuf is severely wounded.
You hit Crazy Yiuf.
Crazy Yiuf is almost dead.
Crazy Yiuf hits you with a quarterstaff of chaos!
You die...

#.#######.....#.#
#.# #.###.#.# ###
#.# #...# #.#
#..## ##### #.#
#..# #..)# #.#
#..# #...# #.#
#..# #.g.# #.#
#..###
########### #@#
###.# #.....
#.........# ♣♣.♣
#...# ##.###
#.#...##### ♣.♣♣
##### #.# #.#.#.#
♣♣.♣ #.# ##.#.#[#
♣.♣♣ ########.#
...#.#.# ♣♣.♣♣
#.....)..#
####.#.# ♣...♣♣
#.######## #.#.#
♣).).♣ #.#
####.### #.#.#
#)...#
#.###.......


You could see Crazy Yiuf.

Vanquished Creatures
  Terence (D:2)
  An adder (D:2)
  An ooze (D:2)
  4 worms (D:2)
  2 dart slugs (D:1)
  A ball python (D:1)
  6 bats
  2 giant cockroaches
  8 goblins
  3 hobgoblins
  A quokka (D:2)
  2 frilled lizards
  8 kobolds
  10 rats
50 creatures vanquished.

Notes
Turn   | Place    | Note
-------+----------+-------------------------------------------
     0 | D:1      | Gwenloh the Merfolk Skald began the quest for the Orb.
     0 | D:1      | Reached XP level 1. HP: 16/16 MP: 3/3
   128 | D:1      | Reached XP level 2. HP: 23/23 MP: 1/5
   690 | D:1      | Reached XP level 3. HP: 26/28 MP: 6/6
   863 | D:2      | Noticed Sigmund
  1361 | D:2      | Noticed a moth of wrath
  1581 | D:2      | Learned a level 2 spell: Song of Slaying
  1656 | D:2      | Found a shimmering altar of Xom.
  1863 | D:2      | Noticed Terence
  1864 | D:2      | Found a bloodstained altar of Trog.
  1876 | D:2      | Killed Terence
  1876 | D:2      | Reached XP level 4. HP: 33/35 MP: 2/7
  2640 | D:2      | Found a runed door.
  2644 | D:2      | Noticed Crazy Yiuf
  2651 | D:2      | Slain by Crazy Yiuf

Vault maps used:
D:1:      elethiomel_arrival_maze
D:2:      xom_teletrap_fun, tgw_trog, uniq_crazy_yiuf_cottage, uniq_terence,
          uniq_sigmund

Skill      XL: |  1  2  3 |
---------------+----------+-----
Fighting       | 3 |  3.1
Polearms       | 4 |  4.3
Charms         | 4 |  4.1
Armour         | |  0.6
Dodging        | |  2.6
Spellcasting   | |  2.7

Action                   |  1- 3 |  4- 6 || total
-------------------------+-------+-------++-------
Melee: Spear             |   127 |    43 ||   170
Throw: Stone             |       |     3 ||     3
 Cast: Infusion          |    15 |     4 ||    19
 Stab: Sleeping          |     1 |       ||     1
  Eat: Chunk             |     3 |     2 ||     5
       Fruit             |       |     1 ||     1
Armor: Leather armour    |    21 |     5 ||    26
Dodge: Dodged            |    60 |    10 ||    70

Table legend:
 A = Spawn XP
 B = Non-spawn XP
 C = Spawn XP percentage of total XP
 D = Spawn monster count
 E = Non-spawn monster count
 F = Spawn count percentage of total count
 G = Total turns spent on level
                    A         B        C        D         E        F      G
               +---------+---------+-------+---------+---------+-------+---------
         Total |       0 |     145 |   0.0 |       0 |      50 |   0.0 |  2651
               +---------+---------+-------+---------+---------+-------+---------
           D:1 |       0 |      43 |   0.0 |       0 |      25 |   0.0 |  1522
           D:2 |       0 |     102 |   0.0 |       0 |      25 |   0.0 |  1129
               +---------+---------+-------+---------+---------+-------+---------
